 Dungeon Crawl Stone Soup version 0.24.0-1-gfbc8707122 (webtiles) character file.

Game seed: 15110711664234619498, levelgen mode: deterministic

661 Mrkan the Ruffian (level 7, 0/71 HPs)
             Began as a Troll Monk on Oct 25, 2019.
             Was a Priest of Wu Jian.
             Slain by a centaur (6 damage)
             ... on level 5 of the Dungeon.
             The game lasted 00:05:10 (3231 turns).

Mrkan the Ruffian (Troll Monk)                      Turns: 3231, Time: 00:05:11

Health: 0/71       AC:  6    Str: 20    XL:     7   Next: 30%
Magic:  6/6        EV: 10    Int:  8    God:    Wu Jian [***...]
Gold:   188        SH:  0    Dex: 12    Spells: 6/6 levels left

rFire    . . .     SeeInvis .     - Unarmed
rCold    . . .     Gourm    +   (no shield)
rNeg     . . .     Faith    .   a - +0 robe
rPois    .         Spirit   .   (helmet restricted)
rElec    .         Reflect  .   (no cloak)
rCorr    .         Harm     .   (gloves unavailable)
MR       .....                  (boots unavailable)
Stlth    ++........             (no amulet)
HPRegen  0.61/turn              (no ring)
MPRegen  0.10/turn              (no ring)

@: no status effects
A: large, unfitting armour, claws 3, fast metabolism 3, gourmand, regeneration
1, shaggy fur 1, tough skin 3
a: Wall Jump, Serpent's Lash, Renounce Religion


You were on level 5 of the Dungeon.
You worshipped Wu Jian.
Wu Jian was most pleased with you.
You were completely stuffed.

You visited 1 branch of the dungeon, and saw 5 of its levels.

You collected 188 gold pieces.

Inventory:

Missiles
 l - 6 boomerangs (quivered)
Armour
 a - a +0 robe (worn)
Jewellery
 c - an uncursed ring of stealth {unknown}
 r - an uncursed ring of fire {unknown}
 t - an uncursed ring of wizardry {unknown}
 v - an uncursed ring of ice {unknown}
Scrolls
 d - 3 scrolls of fog {unknown}
 g - 3 scrolls of remove curse {unknown}
 h - 3 scrolls of identify {unknown}
 i - 2 scrolls of fear {unknown}
 m - a scroll of blinking {unknown}
 p - a scroll of magic mapping {unknown}
 q - a scroll of enchant weapon {unknown}
 s - a scroll of teleportation {unknown}
Potions
 e - 4 potions of curing
 f - 2 potions of lignification {unknown}
 j - a potion of berserk rage {unknown}
 k - a potion of degeneration {unknown}
 n - a potion of might {unknown}
 o - 2 potions of heal wounds {unknown}
Comestibles
 b - 11 rations
 u - 3 chunks of flesh


   Skills:
 + Level 4.5 Fighting
 - Level 2.4 Dodging
 - Level 1.0 Stealth
 * Level 7.2 Unarmed Combat


You had 6 spell levels left.
You didn't know any spells.
Your spell library contained the following spells:

 Spells                   Type           Power        Failure   Level  Hunger
 Summon Small Mammal      Summ           #...         41%         1    ##.....
 Call Imp                 Summ           #.......     54%         2    ###....
 Call Canine Familiar     Summ           #.......     78%         3    ####...
 Summon Guardian Golem    Hex/Summ       #.......     78%         3    ####...
 Summon Ice Beast         Ice/Summ       #.......     99%         4    #####..
 Summon Lightning Spire   Summ/Air       #.......     99%         4    #####..


Dungeon Overview and Level Annotations

Branches:
Dungeon (5/15)
 Temple: D:4-7

Altars:
Elyvilon
Fedhas
Kikubaaqudgha
Sif Muna
Wu Jian
The Shining One


Innate Abilities, Weirdness & Mutations

You are too large for most types of armour.
You have claws for hands.
Your metabolism is lightning-fast.
You like to eat raw meat.
Your natural rate of healing is unusually fast.
You are covered in fur. (AC +1)
You have extremely tough skin. (AC +3)


Message History

The arrow hits you!
* * * LOW HITPOINT WARNING * * *
You see here 2 arrows.
It was a potion of curing.
You feel better. The crimson imp closely misses you.
You barely miss the centaur.
The centaur unwields a +0 shortbow.
The centaur hits you but does no damage.
The crimson imp shouts, "Give up, thou warped rump-fed toady!"
The crimson imp hits you but does no damage.
You scratch the centaur.
The centaur is lightly wounded.
The centaur hits you but does no damage.
The crimson imp blinks!
The centaur hits you!
* * * LOW HITPOINT WARNING * * *
You claw the centaur!
The centaur is severely wounded.
The centaur hits you but does no damage.
You closely miss the centaur.
The centaur is severely wounded.
The centaur hits you.
You die...

...##.#.#####.#.#
...##.#.......#.#
...##.#.)...###(##
##†##..<....# #(.#
............# ##(#
.#..........# #(#
.............# #)###
..#####.......##...##
.. #.......5.@...# ##
......###..c...#
.###### ####......
...... ...... ......
...>) ....


You could see a centaur and a crimson imp.

Vanquished Creatures
  A water moccasin (D:5)
  A sky beast (D:4)
  2 centaurs (D:5)
  A scorpion (D:4)
  A howler monkey (D:4)
  A hound (D:5)
  2 worker ants (D:4)
  5 adders
  3 dart slugs
  4 leopard geckos
  2 orcs
  A ball python (D:1)
  13 goblins
  8 hobgoblins
  14 jackals
  6 quokkas
  6 bats
  9 frilled lizards
  6 kobolds
  7 rats
93 creatures vanquished.

Notes
Turn   | Place    | Note
-------+----------+-------------------------------------------
     0 | D:1      | Mrkan the Troll Monk began the quest for the Orb.
     0 | D:1      | Reached XP level 1. HP: 22/22 MP: 0/0
    94 | D:1      | Reached XP level 2. HP: 29/29 MP: 1/1
   427 | D:1      | Reached XP level 3. HP: 35/36 MP: 2/2
   492 | D:1      | Reached skill level 4 in Unarmed Combat
  1107 | D:2      | Found an ornate altar of the Wu Jian Council.
  1108 | D:2      | Found a white marble altar of Elyvilon.
  1115 | D:2      | Became a worshipper of the Wu Jian Council
  1115 | D:2      | Reached * piety under Wu Jian
  1115 | D:2      | Reached ** piety under Wu Jian
  1369 | D:2      | Reached XP level 4. HP: 45/45 MP: 3/3
  1652 | D:3      | Found an ancient bone altar of Kikubaaqudgha.
  1677 | D:3      | Found a glowing golden altar of the Shining One.
  1820 | D:3      | Found a faded altar of an unknown god.
  1959 | D:3      | Found a shimmering blue altar of Sif Muna.
  2151 | D:3      | Found a blossoming altar of Fedhas.
  2216 | D:4      | Reached skill level 5 in Unarmed Combat
  2285 | D:4      | Reached XP level 5. HP: 52/53 MP: 4/4
  2535 | D:4      | Noticed a sky beast
  2550 | D:4      | Killed a sky beast
  2550 | D:4      | Reached XP level 6. HP: 27/62 MP: 5/5
  2657 | D:4      | Reached *** piety under Wu Jian
  2657 | D:4      | Reached skill level 6 in Unarmed Combat
  3144 | D:5      | Entered Level 5 of the Dungeon
  3156 | D:5      | Noticed a water moccasin
  3164 | D:5      | Killed a water moccasin
  3164 | D:5      | Reached XP level 7. HP: 62/70 MP: 6/6
  3217 | D:5      | Reached skill level 7 in Unarmed Combat
  3226 | D:5      | HP: 3/71 [centaur/arrow (10)]
  3231 | D:5      | Slain by a centaur

Levels and vault maps discovered:
D:1:      dpeg_arrival_shrine, layout_basic, minivault_19
D:2:      layout_basic, chequers_temple_overflow_statue_of_worship
D:3:      layout_basic, marbit_many_paths, tso_metal_star, lemuel_doored_altar,
          lemuel_round_altar, chequers_ecumenical_altar_simple_redux,
          minmay_misc_feat_tiny, minmay_misc_feat_room
D:4:      layout_basic, first_ration
D:5:      layout_rooms, basic_altar

Skill      XL: |  1  2  3  4  5  6  7 |
---------------+----------------------+-----
Unarmed Combat | 4 5 6 7 |  7.2
Fighting       | 3 4 |  4.5
Dodging        | |  2.4
Stealth        | |  1.0

Action                   |  1- 3 |  4- 6 |  7- 9 || total
-------------------------+-------+-------+-------++-------
Melee: Unarmed           |   118 |   112 |    18 ||   248
       Punch             |       |     3 |     1 ||     4
Invok: Lunge             |     5 |     9 |     1 ||    15
       Whirlwind         |     2 |     7 |     2 ||    11
  Use: Potion            |       |       |     1 ||     1
 Stab: Sleeping          |     3 |     4 |       ||     7
       Distracted        |       |     1 |       ||     1
  Eat: Chunk             |    18 |    16 |     1 ||    35
Armor: Robe              |    55 |    21 |     7 ||    83
Dodge: Dodged            |    55 |    39 |     9 ||   103
